 Dungeon Crawl Stone Soup version 0.27.1-33-g824d729ab1 (webtiles) character file.

Game seed: 1105305817472940044

63 Gabide the Poker (level 4, -7/35 HPs)
             Began as a Human Monk on Dec 10, 2021.
             Mangled by Sigmund (10 damage)
             ... on level 3 of the Dungeon.
             The game lasted 00:02:21 (2734 turns).

Gabide the Poker (Human Monk)                       Turns: 2734, Time: 00:02:22

Health: -7/35      AC:  3    Str: 12    XL:     4   Next: 31%
Magic:  4/4        EV: 13    Int: 11    God:
Gold:   52         SH:  0    Dex: 15    Spells: 3/3 levels left

rFire    . . .     SeeInvis .   a - +0 spear
rCold    . . .     Faith    .   (no shield)
rNeg     . . .     Spirit   .   b - +0 robe
rPois    .         Reflect  .   c - +0 helmet
rElec    .         Harm     .   (no cloak)
rCorr    .         Rampage  .   (no gloves)
Will     .....                  (no boots)
Stlth    ++........             d - amulet of the acrobat
HPRegen  0.11/turn              (no ring)
MPRegen  0.09/turn              (no ring)

@: brilliant, hasted (expiring), very quick
A: no striking features
a: no special abilities


You were on level 3 of the Dungeon.
You visited 1 branch of the dungeon, and saw 3 of its levels.

You collected 52 gold pieces.

Inventory:

Hand Weapons
 a - a +0 spear (weapon)
Armour
 b - a +0 robe (worn)
 c - a +0 helmet (worn)
Jewellery
 d - an amulet of the acrobat (around neck)


   Skills:
 + Level 3.5 Fighting
 + Level 3.9 Polearms
 + Level 3.3 Dodging
 + Level 2.4 Stealth


You had 3 spell levels left.
You didn't know any spells.
Your spell library was empty.

Dungeon Overview and Level Annotations

Branches:
Dungeon (3/15)

Altars:

Annotations:
D:3 Sigmund


Message History

You're too confused to move!
You barely miss something. Something hits you.
You bump into the rock wall.
You closely miss something.
You hear some strange, mumbled words.
A magic dart appears from out of thin air!
The magic dart hits you!
* * * LOW HITPOINT WARNING * * *
You bump into the rock wall.
You feel much better. Something hits you.
You closely miss something.
You feel less confused.
You hit something. Something hits you.
You hit something but do no damage. You miss something. You hit something.
You hear some strange, mumbled words.
Something tries to affect you, but you resist.
You miss something. Something hits you.
You closely miss something. You hit something but do no damage.
You hit something. Something hits you but does no damage.
You closely miss something. You hit something. Something hits you!
You hit something. You miss something. You hit something. Something hits you!
You hit something but do no damage. You hit something.
You hear some strange, mumbled words.
A puff of flame appears from out of thin air!
The puff of flame misses you.
You hit something but do no damage. You closely miss something.
Your extra speed is starting to run out.
Something hits you!
* * * LOW HITPOINT WARNING * * *
You closely miss something. You closely miss something. Something hits you!
You die...

###### #....# #....#
##....######.#
#.....<......# .
#......#######...#
#........@{.......?#
#.##.....##>........
# ###+#.#..........
#.#..##..#.#. #.#..#
...... #.#... ....#.
#..... ...# ......
##.#


There were no monsters in sight!

Vanquished Creatures
  An adder (D:2)
  A gnoll (D:1)
  A dart slug (D:2)
  3 ball pythons
  4 endoplasms (D:1)
  3 giant cockroaches (D:1)
  4 goblins (D:1)
  A hobgoblin (D:2)
  4 jackals (D:2)
  5 kobolds
  2 quokkas
  5 bats
  6 rats
40 creatures vanquished.

Notes
Turn   | Place    | Note
-------+----------+-------------------------------------------
     0 | D:1      | Gabide the Human Monk began the quest for the Orb.
     0 | D:1      | Reached XP level 1. HP: 18/18 MP: 1/1
   123 | D:1      | Reached XP level 2. HP: 24/24 MP: 2/2
   592 | D:1      | Reached XP level 3. HP: 29/29 MP: 3/3
  1701 | D:2      | Reached XP level 4. HP: 28/35 MP: 4/4
  2509 | D:3      | Noticed Sigmund
  2734 | D:3      | Mangled by Sigmund

Illustrated notes

Levels and vault maps discovered:
D:1:      matt_arrival_los_fun, layout_basic
D:2:      layout_basic, hex_medium, amcnicky_mini_rare_corridor_liquid,
          nrook_uturn, corexii_leaking_fountain, minmay_tetromino_i4
D:3:      layout_basic, portal_sewer_entry_d,
          shapermc_ecumenical_altar_mp_urbaneastern, uniq_ijyb, uniq_sigmund

Action                   |  1- 3 |  4- 6 || total
-------------------------+-------+-------++-------
Melee: Spear             |   130 |    48 ||   178
  Use: Scroll            |       |     6 ||     6
       Potion            |       |     3 ||     3
 Stab: Sleeping          |     4 |       ||     4
       Distracted        |       |     1 ||     1
Armor: Robe              |     8 |     2 ||    10
Dodge: Dodged            |    65 |    10 ||    75
